 Dungeon Sprint DCSS version 0.22.1-1-ga44c0e56f4 (webtiles) character file.

168 MuseOD the Covert (level 5, -1/40 (43) HPs)
             Began as a Spriggan Enchanter on Sept 22, 2018.
             Slain by a necrophage (4 damage)
             ... in the Dungeon (Sprint II: "The Violet Keep of Menkaure").
             The game lasted 00:00:25 (28 turns).

MuseOD the Covert (Spriggan Enchanter)                Turns: 28, Time: 00:00:25

HP:   -1/40 (43)    AC:  2    Str:  9    XL:     5   Next: 23%
MP:   10/10         EV: 18    Int: 17    God:
Gold: 0             SH:  0    Dex: 17    Spells: 8/9 levels left

rFire    . . .     SeeInvis +   a - +1 dagger
rCold    . . .     Gourm    .   (shield restricted)
rNeg     . . .     Faith    .   b - +0 robe
rPois    .         Spirit   .   (helmet restricted)
rElec    .         Reflect  .   (no cloak)
rCorr    .         Harm     .   (gloves unavailable)
MR       .....     NoTele   +   (boots unavailable)
Stlth    ..........             (no amulet)
HPRegen  0.00/turn              (no ring)
MPRegen  0.12/turn              (no ring)

@: berserking, non-regenerating, diseased, very quick
A: very small, unfitting armour, see invisible, herbivore, speed 3, slow
metabolism 2
a: no special abilities


You were in the Dungeon.
You were not hungry.

You visited 1 branch

Inventory:

Hand Weapons
 a - a +1 dagger (weapon)
Armour
 b - a +0 robe (worn)
Scrolls
 j - a scroll of blinking
Potions
 e - a potion of curing
 f - a potion of heal wounds
 g - a potion of haste
 h - 2 potions of magic
Comestibles
 d - a ration


   Skills:
 + Level 4.2 Fighting
 * Level 8.3 Short Blades
 - Level 3.0 Dodging
 + Level 9.4 Stealth
 - Level 2.6 Spellcasting
 - Level 3.6 Hexes


You had 8 spell levels left.
You knew the following spells:

 Your Spells              Type           Power        Failure   Level  Hunger
a - Corona                Hex            ##.....      4%          1    #......

Your spell library contained the following spells:

 Spells                   Type           Power        Failure   Level  Hunger
 Confuse                  Hex            ##......     12%         3    ###....
 Tukima's Dance           Hex            ##......     12%         3    ###....
 Ensorcelled Hibernation  Hex/Ice        #.....       13%         2    ##.....
 Dazzling Spray           Conj/Hex       #.....       26%         3    ###....


Dungeon Overview and Level Annotations

Branches:
Dungeon (1/1)

Altars:


Innate Abilities, Weirdness & Mutations

You are very small and have problems with some larger weapons.
You are too small for most types of armour.
You have supernaturally acute eyesight. (SInv)
You are a herbivore.
You cover ground extremely quickly.
You need to consume almost no food.


Message History

You destroy the necrophage!
Your Fighting skill increases to level 4!
Your Short Blades skill gained 2 levels and is now at level 8!
Your Stealth skill gained 2 levels and is now at level 9!
You have reached level 5!
You feel agile.
You puncture the necrophage!
The necrophage is moderately damaged.
You hit the necrophage.
The necrophage is moderately damaged.
The necrophage hits you.
* * * LOW HITPOINT WARNING * * *
You hit the necrophage.
The necrophage is moderately damaged.
You puncture the necrophage!
The necrophage is severely damaged.
You puncture the necrophage!
The necrophage is almost destroyed.
The necrophage hits you.
You die...

## ## ##. .##
.. .. # .#n
##. #n#
#$w.##@####
#+.<.+$#
#.w.##.##.w.#
##. #+# w## #
.#. # H# #H
## ##


You could see 2 necrophages.

Vanquished Creatures
  2 necrophages (D)
2 creatures vanquished.

Vanquished Creatures (others)
  Menkaure (D)
  A crocodile (D)
2 creatures vanquished.

Grand Total: 4 creatures vanquished

Notes
Turn   | Place    | Note
-------+----------+-------------------------------------------
     0 | D        | MuseOD the Spriggan Enchanter began the quest for the Orb.
     0 | D        | Reached XP level 1. HP: 9/9 MP: 5/5
     4 | D        | Noticed a hippogriff
     4 | D        | Noticed a hippogriff
     7 | D        | Noticed a tyrant leech
     7 | D        | Noticed a tyrant leech
    10 | D        | Noticed a necrophage
    10 | D        | Noticed a necrophage
    10 | D        | Noticed a necrophage
    10 | D        | Noticed a necrophage
    18 | D        | Killed Menkaure
    19 | D        | Killed a necrophage
    19 | D        | Reached skill level 7 in Stealth
    19 | D        | Reached XP level 2. HP: 5/14 MP: 6/6
    19 | D        | Reached XP level 3. HP: 6/18 MP: 8/8
    19 | D        | Reached XP level 4. HP: 8/22 MP: 9/9
    19 | D        | Killed a crocodile
    22 | D        | Killed a necrophage
    22 | D        | Reached skill level 9 in Stealth
    22 | D        | Reached XP level 5. HP: 9/27 MP: 10/10
    28 | D        | Slain by a necrophage

Skill      XL: |  1  2  3  4 |
---------------+-------------+-----
Fighting       | 3 4 |  4.2
Short Blades   | 6 8 |  8.3
Stealth        | 7 9 |  9.4
Dodging        | |  3.0
Spellcasting   | |  2.6
Hexes          | |  3.6

Action                   |  1- 3 |  4- 6 || total
-------------------------+-------+-------++-------
Melee: Dagger            |     8 |     8 ||    16
  Use: Potion            |     1 |       ||     1
Dodge: Dodged            |     3 |     1 ||     4
